AoeStats
← borgff

Oasis

510175849Analyzed
2v2 RM · 2d ago on Sep 29, 2026· 50m 34s· 4 players
Game mode
Random Map
Map size
Medium (4 player)
Population
200
Speed
Normal
Resources
Standard
Victory
Conquest
Starting age
Dark Age
Ending age
Imperial Age
RankedLock teamsTeams togetherTeam positionsShared explorationLock speedFull tech treeHidden civsTurbo modeCheats
Victory
Defeat
🇸🇪 Magyars · Sweden
1238
+12
🇸🇪 Danes · Sweden
1177
+15
🇲🇽 Mapuche · Mexico
1168
-14
🇩🇰 Inca · Denmark
1140
-13
Deluxeness ツ
6:24 Loom
10:05 Feudal Age
10:46 Double-Bit Axe
18:32 Castle Age
16:27 Horse Collar
17:18 Fletching
17:28 Gold Mining
17:57 Stone Mining
18:49 Scale Mail Armor
19:20 Crossbowman
20:27 Pikeman
23:06 Bodkin Arrow
24:41 Chain Mail Armor
25:01 Padded Archer Armor
27:32 Town Watch
28:24 Bow Saw
30:16 Ballistics
30:34 Wheelbarrow
35:00 Squires
37:28 Thumb Ring
42:06 Imperial Age
40:41 Leather Archer Armor
40:10 Treadmill Crane
40:33 Heavy Plow
40:49 Masonry
40:29 Arson
41:42 Forging
42:59 Iron Casting
42:32 Capped Ram
43:53 Arbalester
46:00 Chemistry
45:39 Bracer
46:00 Siege Engineers
EDGAR_MAGNO_29
5:41 Loom
10:21 Feudal Age
10:48 Champi Runner
11:51 Double-Bit Axe
11:48 Horse Collar
23:46 Castle Age
21:43 Stone Mining
21:48 Gold Mining
23:49 Pikeman
24:34 Scale Mail Armor
27:01 Bow Saw
28:40 Fervor
29:46 Heavy Plow
37:56 Imperial Age
37:38 Wheelbarrow
38:00 Halberdier
38:56 Chain Mail Armor
38:52 Forging
39:07 Butalmapu
41:17 Iron Casting
41:33 Malon
44:21 Blast Furnace
43:12 Fletching
43:14 Town Watch
44:14 Elite Bolas Rider
47:15 Bodkin Arrow
48:08 Conscription
49:53 Ballistics
borgff
7:06 Loom
9:33 Feudal Age
11:07 Double-Bit Axe
11:19 Horse Collar
22:15 Castle Age
20:49 Gold Mining
21:38 Bloodlines
21:35 Scale Barding Armor
23:18 Chain Barding Armor
23:01 Husbandry
23:19 Bow Saw
26:51 Wheelbarrow
32:49 Imperial Age
33:19 Hand Cart
33:46 Cavalier
37:50 Light Cavalry
42:51 Ballistics
43:31 Chemistry
42:26 Fletching
43:10 Bodkin Arrow
44:12 Recurve Bow
44:47 Bracer
45:34 Heavy Cavalry Archer
47:18 Parthian Tactics
46:58 Thumb Ring
47:30 Padded Archer Armor
Hammarn
4:06 Loom
12:16 Feudal Age
13:05 Double-Bit Axe
13:01 Horse Collar
18:36 Castle Age
18:34 Wheelbarrow
19:03 Bloodlines
19:41 Bow Saw
22:24 Fletching
22:35 Padded Archer Armor
22:48 Husbandry
24:57 Ballistics
24:55 Gold Mining
27:43 Thumb Ring
29:44 Bodkin Arrow
31:06 Squires
30:52 Arson
34:59 Scale Mail Armor
35:10 Forging
40:45 Imperial Age
39:04 Leather Archer Armor
39:05 Chain Mail Armor
38:37 Hamask
40:32 Iron Casting
42:07 Plate Mail Armor
41:19 Heavy Mounted Crossbowman
42:06 Bracer
42:49 Conscription
43:59 Ring Archer Armor
42:52 Cranequins
43:56 Elite Jomsviking
51:32 Blast Furnace
Connection lost

Rejoining the realm…

Still unreachable

The connection could not be restored.

Session expired

The server has moved on; the page needs a fresh start.